TOP OF THE 1ST |
Peninsula Panthers batting - Pitching for Greensboro Hornets : RHP Mark Dacko
|
Pitching: RHP Mark Dacko
|
|
Batting: SHB Vince Coleman
|
0-0: Called Strike 0-1: Ground out U3 (Groundball, 34, EV 89.4 MPH)
|
Batting: LHB Randy Harvey
|
0-0: Ball 1-0: Swinging Strike 1-1: Ball 2-1: Foul Ball, location: 2F 2-2: Fly out, F8 (Line Drive, 8RM, EV 93.8 MPH)
|
Batting: RHB David Stokes
|
0-0: Foul Ball, location: 2F 0-1: Ball 1-1: Swinging Strike 1-2: Strikes out swinging
|
Top of the 1st over - 0 runs, 0 hits, 0 errors, 0 left on base; Peninsula 0 - Greensboro 0 |
BOTTOM OF THE 1ST |
Greensboro Hornets batting - Pitching for Peninsula Panthers : RHP Brian Fisher
|
Pitching: RHP Brian Fisher
|
|
Batting: LHB Ozzie Guillen
|
0-0: Swinging Strike 0-1: Ball 1-1: Called Strike 1-2: SINGLE (Line Drive, 7LS, EV 99.4 MPH)
|
Batting: SHB Mark Bailey
|
0-0: Ball 1-0: SINGLE (Line Drive, 34D, EV 95.0 MPH) Ozzie Guillen to second Runner from 2nd tries for 3rd, SAFE, no throw by RF
|
Batting: LHB Preston Cash
|
0-0: Swinging Strike 0-1: Foul Ball, location: 2F 0-2: Foul Ball, location: 2F 0-2: Ball 1-2: Ball 2-2: Foul Ball, location: 2F 2-2: Foul Ball, location: 2F 2-2: Foul Ball, location: 2F 2-2: Ball 3-2: 3-RUN HOME RUN (Flyball, 9D, EV 93.1 MPH), Distance : 378 ft
|
Batting: LHB Francisco Melendez
|
0-0: Ball 1-0: Called Strike 1-1: Called Strike 1-2: Fly out, F8 (Flyball, 8RXD, EV 98.1 MPH)
|
Batting: RHB Mark Cauley
|
0-0: Foul Ball, location: 2F 0-1: Ball 1-1: Foul Ball, location: 2F 1-2: Ground out U3 (Groundball, 34, EV 82.5 MPH)
|
Batting: RHB Bernardo Brito
|
0-0: DOUBLE (Flyball, 8RXD, EV 100.0 MPH)
|
Batting: LHB John Hughes
|
0-0: Called Strike 0-1: Ball 1-1: Ball 2-1: 2-RUN HOME RUN (Line Drive, 89XD, EV 107.5 MPH), Distance : 403 ft
|
Batting: RHB John Lohse
|
0-0: Ball 1-0: Ball 2-0: Called Strike 2-1: Ball 3-1: Foul Ball, location: 2F 3-2: Base on Balls
|
Batting: RHB Craig Hendrickson
|
0-0: Ball 1-0: Called Strike 1-1: Ground out 4-3 (Groundball, 4, EV 101.3 MPH)
|
Bottom of the 1st over - 5 runs, 5 hits, 0 errors, 1 left on base; Peninsula 0 - Greensboro 5 |
TOP OF THE 2ND |
Peninsula Panthers batting - Pitching for Greensboro Hornets : RHP Mark Dacko
|
Batting: LHB Ted French
|
0-0: Ball 1-0: Called Strike 1-1: Foul Ball, location: 2F 1-2: Foul Ball, location: 2F 1-2: SINGLE (Flyball, 78S, EV 88.1 MPH)
|
Batting: SHB Steven Malito
|
0-0: Swinging Strike 0-1: Ball 1-1: Ball 2-1: Foul Ball, location: 2F 2-2: Ball 3-2: Foul Ball, location: 2F 3-2: Foul Ball, location: 2F 3-2: Strikes out swinging
|
Batting: SHB Romel Beck
|
0-0: Swinging Strike 0-1: Ball 1-1: Swinging Strike 1-2: Ball 2-2: Ball 3-2: Base on Balls Ted French to second
|
Batting: RHB Lawrence McGee
|
0-0: Ball 1-0: Foul Ball, location: 2F 1-1: Ball 2-1: Ball 3-1: Base on Balls Ted French to third Romel Beck to second
|
Batting: RHB Jose Barreto
|
0-0: Foul Ball, location: 2F 0-1: Grounds into double play, U5-3 (Groundball, 5L, EV 102.5 MPH)
|
Top of the 2nd over - 0 runs, 1 hit, 0 errors, 2 left on base; Peninsula 0 - Greensboro 5 |
BOTTOM OF THE 2ND |
Greensboro Hornets batting - Pitching for Peninsula Panthers : RHP Brian Fisher
|
Batting: LHB Ozzie Guillen
|
0-0: SINGLE (Line Drive, 6MD, EV 95.6 MPH)
|
Batting: SHB Mark Bailey
|
0-0: Ball 1-0: Called Strike 1-1: Swinging Strike 1-2: Ball 2-2: Foul Ball, location: 2F 2-2: Foul Ball, location: 2F 2-2: Strikes out looking
|
Batting: LHB Preston Cash
|
0-0: Ball 1-0: Called Strike 1-1: Ball 2-1: Fielders Choice at 2nd, 6-4 (Groundball, 6, EV 83.8 MPH)
|
Batting: LHB Francisco Melendez
|
0-0: Foul Ball, location: 2F 0-1: Called Strike 0-2: Ground out 6-3 (Groundball, 6M, EV 110.0 MPH)
|
Bottom of the 2nd over - 0 runs, 1 hit, 0 errors, 1 left on base; Peninsula 0 - Greensboro 5 |
TOP OF THE 3RD |
Peninsula Panthers batting - Pitching for Greensboro Hornets : RHP Mark Dacko
|
Batting: RHB David Alderman
|
0-0: Ball 1-0: Called Strike 1-1: Ball 2-1: SINGLE (Groundball, 6MD, EV 94.4 MPH)
|
Batting: SHB Vince Coleman
|
0-0: Ball 1-0: Ball 2-0: Called Strike 2-1: Fly out, F9 (Flyball, 9D, EV 88.1 MPH)
|
Batting: LHB Randy Harvey
|
0-0: Ball 1-0: SINGLE (Flyball, 6D, EV 83.8 MPH) David Alderman to second
|
Batting: RHB David Stokes
|
0-0: Ball 1-0: Ball 2-0: Called Strike 2-1: Foul Ball, location: 2F 2-2: Ball 3-2: Foul Ball, location: 2F 3-2: Grounds into double play, 4-6-3 (Groundball, 4, EV 85.6 MPH)
|
Top of the 3rd over - 0 runs, 2 hits, 0 errors, 1 left on base; Peninsula 0 - Greensboro 5 |
BOTTOM OF THE 3RD |
Greensboro Hornets batting - Pitching for Peninsula Panthers : RHP Brian Fisher
|
Batting: RHB Mark Cauley
|
0-0: Fly out, F7 (Flyball, 7LM, EV 95.0 MPH)
|
Batting: RHB Bernardo Brito
|
0-0: Called Strike 0-1: Foul Ball, location: 2F 0-2: Ball 1-2: SINGLE (Line Drive, 78M, EV 92.5 MPH)
|
Batting: LHB John Hughes
|
0-0: Foul Ball, location: 2F 0-1: Called Strike 0-2: Hit by Pitch Bernardo Brito to second
|
Batting: RHB John Lohse
|
0-0: Foul Ball, location: 2F 0-1: Ball 1-1: SINGLE (Groundball, 4M, EV 108.8 MPH) (infield hit) Bernardo Brito to third John Hughes to second
|
Batting: RHB Craig Hendrickson
|
0-0: Ball 1-0: Ball 2-0: Fielders Choice at 2nd, 5-4 (Groundball, 56, EV 102.5 MPH) Bernardo Brito scores John Hughes to third
|
Batting: LHB Ozzie Guillen
|
0-0: Called Strike 0-1: Ball 1-1: Ground out 4-3 (Groundball, 34, EV 83.1 MPH)
|
Bottom of the 3rd over - 1 run, 2 hits, 0 errors, 2 left on base; Peninsula 0 - Greensboro 6 |
TOP OF THE 4TH |
Peninsula Panthers batting - Pitching for Greensboro Hornets : RHP Mark Dacko
|
Batting: LHB Ted French
|
0-0: Called Strike 0-1: Ball 1-1: Swinging Strike 1-2: Ball 2-2: Strikes out looking
|
Batting: SHB Steven Malito
|
0-0: Called Strike 0-1: Fly out, F7 (Flyball, 78D, EV 102.5 MPH)
|
Batting: SHB Romel Beck
|
0-0: Called Strike 0-1: Fly out, F7 (Flyball, 7LD, EV 101.3 MPH)
|
Top of the 4th over - 0 runs, 0 hits, 0 errors, 0 left on base; Peninsula 0 - Greensboro 6 |
BOTTOM OF THE 4TH |
Greensboro Hornets batting - Pitching for Peninsula Panthers : RHP Brian Fisher
|
Batting: SHB Mark Bailey
|
0-0: Ball 1-0: Called Strike 1-1: Ball 2-1: Swinging Strike 2-2: Strikes out swinging
|
Batting: LHB Preston Cash
|
0-0: Ball 1-0: Ball 2-0: Foul Ball, location: 2F 2-1: Foul Ball, location: 2F 2-2: Ground out 4-3 (Groundball, 34, EV 77.5 MPH)
|
Batting: LHB Francisco Melendez
|
0-0: Ground out U3 (Groundball, 34, EV 99.4 MPH)
|
Bottom of the 4th over - 0 runs, 0 hits, 0 errors, 0 left on base; Peninsula 0 - Greensboro 6 |
TOP OF THE 5TH |
Peninsula Panthers batting - Pitching for Greensboro Hornets : RHP Mark Dacko
|
Batting: RHB Lawrence McGee
|
0-0: Ball 1-0: Ball 2-0: Called Strike 2-1: Ground out 6-3 (Groundball, 6, EV 88.1 MPH)
|
Batting: RHB Jose Barreto
|
0-0: Fly out, F7 (Flyball, 78M, EV 79.4 MPH)
|
Batting: RHB David Alderman
|
0-0: Ball 1-0: Foul Ball, location: 2F 1-1: Ground out 6-3 (Groundball, 6, EV 89.4 MPH)
|
Top of the 5th over - 0 runs, 0 hits, 0 errors, 0 left on base; Peninsula 0 - Greensboro 6 |
BOTTOM OF THE 5TH |
Greensboro Hornets batting - Pitching for Peninsula Panthers : RHP Brian Fisher
|
Batting: RHB Mark Cauley
|
0-0: Called Strike 0-1: Hit by Pitch
|
Pitching: RHP S. Butler
|
|
Pinch Runner at 1st Armando Moreno:
|
|
Batting: RHB Bernardo Brito
|
0-0: Fly out, F8 (Flyball, 8RM, EV 95.6 MPH)
|
Batting: LHB John Hughes
|
0-0: Ball 1-0: Ball 2-0: Ball 3-0: Base on Balls Armando Moreno to second
|
Batting: RHB John Lohse
|
0-0: Called Strike 0-1: Fielders Choice at 2nd, 5-4 (Groundball, 56S, EV 92.5 MPH) Armando Moreno to third
|
Batting: RHB Craig Hendrickson
|
0-0: Called Strike 0-1: Ball 1-1: Ball Wild Pitch! Armando Moreno scores John Lohse to second 2-1: Swinging Strike 2-2: Ball 3-2: Foul Ball, location: 2F 3-2: Strikes out swinging
|
Bottom of the 5th over - 1 run, 0 hits, 0 errors, 1 left on base; Peninsula 0 - Greensboro 7 |
TOP OF THE 6TH |
Peninsula Panthers batting - Pitching for Greensboro Hornets : RHP Mark Dacko
|
Batting: SHB Vince Coleman
|
0-0: Called Strike 0-1: SINGLE (Line Drive, 8LS, EV 103.8 MPH)
|
Batting: LHB Randy Harvey
|
0-0: Called Strike 0-1: Ball 1-1: Ball 2-1: Ball 3-1: Foul Ball, location: 2F 3-2: Foul Ball, location: 2F 3-2: Base on Balls Vince Coleman to second
|
Batting: RHB David Stokes
|
0-0: Fielders Choice at 2nd, 1-4 (Groundball, P, EV 68.8 MPH) Vince Coleman to third
|
Batting: LHB Ted French
|
0-0: Called Strike 0-1: Fly out, F8 (Flyball, 8LS, EV 96.9 MPH)
|
Batting: SHB Steven Malito
|
0-0: Ball 1-0: Ball 2-0: Ball 3-0: Called Strike 3-1: Base on Balls David Stokes to second
|
Batting: SHB Romel Beck
|
0-0: Called Strike 0-1: Ball 1-1: Swinging Strike 1-2: Ball 2-2: Ball 3-2: Strikes out swinging
|
Top of the 6th over - 0 runs, 1 hit, 0 errors, 3 left on base; Peninsula 0 - Greensboro 7 |
BOTTOM OF THE 6TH |
Greensboro Hornets batting - Pitching for Peninsula Panthers : RHP S. Butler
|
Batting: LHB Ozzie Guillen
|
0-0: Swinging Strike 0-1: Foul Ball, location: 2F 0-2: Ball 1-2: Ball 2-2: SINGLE (Groundball, 4MD, EV 110.6 MPH)
|
Batting: SHB Mark Bailey
|
0-0: Ball 1-0: Called Strike 1-1: Foul Ball, location: 2F 1-2: Ball Pickoff Throw to First - Error! E1 Ozzie Guillen to second 2-2: Ball 3-2: Foul Ball, location: 2F 3-2: Foul Ball, location: 2F 3-2: Base on Balls
|
Batting: LHB Preston Cash
|
0-0: Foul Ball, location: 2F 0-1: Ball 1-1: Called Strike 1-2: Ball 2-2: Ball 3-2: Base on Balls Ozzie Guillen to third Mark Bailey to second
|
Batting: LHB Francisco Melendez
|
0-0: Fly out, F8 (Line Drive, 8RM, EV 98.8 MPH) Runner from 3rd tags up, SCORES, no throw by CF
|
Batting: RHB Armando Moreno
|
0-0: Called Strike 0-1: Ball 1-1: Ball 2-1: SINGLE (Line Drive, 9LS, EV 101.9 MPH) Mark Bailey to third Preston Cash to second
|
Pitching: RHP Guy Jones
|
|
Batting: RHB Bernardo Brito
|
0-0: Swinging Strike 0-1: Foul Ball, location: 2F 0-2: Ball 1-2: SINGLE (Groundball, 56D, EV 95.6 MPH) Mark Bailey scores Preston Cash to third Armando Moreno to second Runner from 3rd tries for Home, SAFE, throw by LF to home
|
Batting: LHB John Hughes
|
0-0: Swinging Strike 0-1: Ball 1-1: Foul Ball, location: 2F 1-2: Ball 2-2: Foul Ball, location: 2F 2-2: SINGLE (Groundball, 34D, EV 107.5 MPH) Armando Moreno to third Bernardo Brito to second Runner from 3rd tries for Home, SAFE, throw by RF to home
|
Batting: RHB John Lohse
|
0-0: Foul Ball, location: 2F 0-1: Ball 1-1: Fly out, F8 (Flyball, 78M, EV 79.4 MPH)
|
Batting: RHB Craig Hendrickson
|
0-0: Ball 1-0: Swinging Strike 1-1: Ball 2-1: Ground out 6-3 (Groundball, P, EV 83.1 MPH)
|
Bottom of the 6th over - 4 runs, 4 hits, 1 error, 2 left on base; Peninsula 0 - Greensboro 11 |
TOP OF THE 7TH |
Peninsula Panthers batting - Pitching for Greensboro Hornets : RHP Mark Dacko
|
Batting: RHB Lawrence McGee
|
0-0: Ball 1-0: Swinging Strike 1-1: Called Strike 1-2: Ball 2-2: Fly out, F6 (Popup, 4M, EV 55.6 MPH)
|
Batting: RHB Jose Barreto
|
0-0: Called Strike 0-1: Ball 1-1: Ground out 2-3 (Groundball, 2L, EV 75.0 MPH)
|
Batting: RHB David Alderman
|
0-0: Ball 1-0: Fly out, F4 (Popup, 4, EV 69.4 MPH)
|
Top of the 7th over - 0 runs, 0 hits, 0 errors, 0 left on base; Peninsula 0 - Greensboro 11 |
BOTTOM OF THE 7TH |
Greensboro Hornets batting - Pitching for Peninsula Panthers : RHP Guy Jones
|
Batting: LHB Ozzie Guillen
|
0-0: Called Strike 0-1: Ball 1-1: SINGLE (Groundball, 34S, EV 75.0 MPH) (infield hit)
|
Batting: SHB Mark Bailey
|
0-0: Ball 1-0: Ball 2-0: Ball 3-0: Base on Balls Ozzie Guillen to second
|
Batting: LHB Preston Cash
|
0-0: Foul Ball, location: 2F 0-1: Ball 1-1: Swinging Strike 1-2: Strikes out swinging
|
Batting: LHB Francisco Melendez
|
0-0: Swinging Strike 0-1: Ball Balk! Ozzie Guillen to third Mark Bailey to second 1-1: Fly out, F7 (Flyball, 7S, EV 84.4 MPH) Runner from 3rd tags up, OUT at HOME! 7-2
|
Bottom of the 7th over - 0 runs, 1 hit, 0 errors, 1 left on base; Peninsula 0 - Greensboro 11 |
TOP OF THE 8TH |
Peninsula Panthers batting - Pitching for Greensboro Hornets : RHP Mark Dacko
|
Batting: SHB Vince Coleman
|
0-0: Ball 1-0: Fly out, F9 (Line Drive, 9, EV 106.3 MPH)
|
Batting: LHB Randy Harvey
|
0-0: Swinging Strike 0-1: Foul Ball, location: 2F 0-2: Strikes out swinging
|
Batting: RHB David Stokes
|
0-0: Ball 1-0: Foul Ball, location: 2F 1-1: SINGLE (Line Drive, 34, EV 100.0 MPH)
|
Pitching: LHP Ken Angulo
|
|
Batting: LHB Ted French
|
0-0: Hit by Pitch David Stokes to second
|
Batting: SHB Steven Malito
|
0-0: Called Strike 0-1: Foul Ball, location: 2F 0-2: Ball 1-2: Foul Ball, location: 2F 1-2: Foul Ball, location: 2F 1-2: Ball 2-2: Ball 3-2: Base on Balls David Stokes to third Ted French to second
|
Batting: SHB Romel Beck
|
0-0: Called Strike 0-1: Ball 1-1: Ball 2-1: Ball 3-1: Base on Balls David Stokes scores Ted French to third Steven Malito to second
|
Batting: RHB Lawrence McGee
|
0-0: Ball 1-0: Ball 2-0: Foul Ball, location: 2F 2-1: Fielders Choice at 2nd, 6-4 (Groundball, 56, EV 83.1 MPH)
|
Top of the 8th over - 1 run, 1 hit, 0 errors, 3 left on base; Peninsula 1 - Greensboro 11 |
BOTTOM OF THE 8TH |
Greensboro Hornets batting - Pitching for Peninsula Panthers : RHP Guy Jones
|
Batting: RHB Armando Moreno
|
0-0: Foul Ball, location: 2F 0-1: Foul Ball, location: 2F 0-2: Fly out, F3 (Popup, 3SF, EV 77.5 MPH)
|
Batting: RHB Bernardo Brito
|
0-0: Called Strike 0-1: Ground out 4-3 (Groundball, 4, EV 84.4 MPH)
|
Batting: LHB John Hughes
|
0-0: Called Strike 0-1: Foul Ball, location: 2F 0-2: Ground out 5-3 (Groundball, 56, EV 108.8 MPH)
|
Bottom of the 8th over - 0 runs, 0 hits, 0 errors, 0 left on base; Peninsula 1 - Greensboro 11 |
TOP OF THE 9TH |
Peninsula Panthers batting - Pitching for Greensboro Hornets : LHP Ken Angulo
|
Batting: RHB Jose Barreto
|
0-0: Ball 1-0: Foul Ball, location: 2F 1-1: Called Strike 1-2: Strikes out looking
|
Batting: RHB David Alderman
|
0-0: Ball 1-0: Foul Ball, location: 2F 1-1: DOUBLE (Line Drive, 9LM, EV 91.3 MPH)
|
Batting: SHB Vince Coleman
|
0-0: Ball 1-0: Ball 2-0: Ball 3-0: Called Strike 3-1: Foul Ball, location: 2F 3-2: Foul Ball, location: 2F 3-2: Ground out 5-3 (Groundball, 5, EV 86.3 MPH)
|
Batting: LHB Randy Harvey
|
0-0: Ball 1-0: Ball 2-0: Foul Ball, location: 2F 2-1: Ball 3-1: Base on Balls
|
Batting: RHB David Stokes
|
0-0: Swinging Strike 0-1: Foul Ball, location: 2F 0-2: Foul Ball, location: 2F 0-2: Ball 1-2: Ball 2-2: Foul Ball, location: 2F 2-2: Foul Ball, location: 2F 2-2: SINGLE (Line Drive, 7LM, EV 92.5 MPH) David Alderman to third Randy Harvey to second
|
Batting: LHB Ted French
|
0-0: Ball 1-0: Ball 2-0: Ball 3-0: Swinging Strike 3-1: Called Strike 3-2: Base on Balls David Alderman scores Randy Harvey to third David Stokes to second
|
Batting: SHB Steven Malito
|
0-0: Swinging Strike 0-1: Called Strike 0-2: Ball 1-2: Ball 2-2: Ball 3-2: Foul Ball, location: 2F 3-2: Foul Ball, location: 2F 3-2: Fly out, F6 (Popup, 4M, EV 66.9 MPH)
|
Top of the 9th over - 1 run, 2 hits, 0 errors, 3 left on base; Peninsula 2 - Greensboro 11 |
|